 Dungeon Crawl Stone Soup version 0.29-a0-375-g5102b3be25 (webtiles) character file.

Game seed: 1248691146032053616

6138 OrangeBlue the Impaler (level 10, -2/80 HPs)
             Began as a Merfolk Gladiator on May 3, 2022.
             Was an Elder of Makhleb.
             Slain by an orc warrior
             ... wielding a +0 trident
              (12 damage)
             ... in a bailey.
             The game lasted 00:15:11 (9030 turns).

OrangeBlue the Impaler (Merfolk Gladiator)          Turns: 9030, Time: 00:15:11

Health: -2/80      AC: 13    Str: 16    XL:     10   Next: 89%
Magic:  0/16       EV: 12    Int:  8    God:    Makhleb [****..]
Gold:   802        SH:  0    Dex: 18    Spells: 9/9 levels left

rFire   . . .      SeeInvis .   P - +3 halberd (freeze)
rCold   + . .      Faith    .   (shield currently unavailable)
rNeg    . . .      Spirit   +   q - +0 ring mail
rPois   .          Reflect  .   c - +0 helmet
rElec   .          Harm     .   K - +0 cloak
rCorr   .          Rampage  .   G - +1 pair of gloves
Will    .....                   (no boots)
Stlth   +.........              I - amulet of guardian spirit
HPRegen 0.23/turn               o - ring of protection from cold
MPRegen 0.15/turn               z - +4 ring of protection

@: mighty, invisible
A: (nimble swimmer 2), mertail
a: Renounce Religion, Minor Destruction, Lesser Servant of Makhleb, Major
Destruction


You were in a bailey.
You worshipped Makhleb.
Makhleb was greatly pleased with you.
You visited 1 branch of the dungeon, and saw 9 of its levels.
You also visited: Ossuary and Bailey.

You collected 802 gold pieces.

Inventory:

Hand Weapons
 a - a +0 trident
 O - the +2 quarterstaff "Geeng" {vamp, rElec}
   (You found it on level 8 of the Dungeon)

   It occasionally heals its wielder for a portion of the damage dealt when it
   wounds a living foe.
   rElec:     It insulates you from electricity.
 P - a +3 halberd of freezing (weapon)
   (You took it off a wight on level 8 of the Dungeon)
Missiles
 e - a javelin
 p - 6 silver javelins
 y - 3 throwing nets (quivered) {!f}
Armour
 c - a +0 helmet (worn)
 q - a +0 ring mail (worn)
   (You found it on level 2 of the Dungeon)
 G - a +1 pair of gloves (worn)
   (You found it on level 4 of the Dungeon)
 K - a +0 cloak (worn)
   (You took it off Crazy Yiuf on level 6 of the Dungeon)
Jewellery
 o - a ring of protection from cold (left hand)
   (You found it on level 3 of the Dungeon)
 z - a +4 ring of protection (right hand)
   (You found it on level 4 of the Dungeon)
 I - an amulet of guardian spirit (around neck)
   (You found it on level 6 of the Dungeon)
Wands
 d - a wand of iceblast (4)
   (You found it on level 2 of the Dungeon)
 t - a wand of flame (34)
   (You found it on level 3 of the Dungeon)
 v - a wand of digging (4)
   (You found it on level 9 of the Dungeon)
 L - a wand of polymorph (4)
   (You found it on level 7 of the Dungeon)
Scrolls
 b - a scroll of torment {unknown}
 g - 4 scrolls of magic mapping {unknown}
 i - 5 scrolls of teleportation {unknown}
 l - 3 scrolls of fog {unknown}
 n - a scroll of vulnerability {unknown}
 r - 3 scrolls of poison {unknown}
 u - 3 scrolls of amnesia {unknown}
 w - 2 scrolls of summoning {unknown}
 E - a scroll of blinking {unknown}
 J - a scroll of immolation {unknown}
 M - 2 scrolls of enchant armour {unknown}
 Q - a scroll of identify {@r1}
Potions
 f - 2 potions of flight
 h - 2 potions of haste {@q3}
 j - 3 potions of ambrosia
 k - 2 potions of lignification {unknown}
 m - 5 potions of heal wounds {@q2}
 s - 7 potions of curing {@q1}
 B - a potion of degeneration {unknown}
 D - 6 potions of attraction {!q}
 F - 2 potions of mutation {unknown}
 H - 3 potions of cancellation
 N - a potion of berserk rage {unknown}
 R - 2 potions of brilliance
 S - 2 potions of resistance


   Skills:
 - Level 8.0 Fighting
 + Level 15.0 Polearms
 - Level 2.0 Throwing
 - Level 4.0 Dodging
 - Level 8.0 Invocations
 - Level 5.0 Evocations


You had 9 spell levels left.
You didn't know any spells.
Your spell library contained the following spells:

 Spells                   Type           Power      Damage    Failure   Level
 Magic Dart               Conj           0%         1d3       63%         1
 Sandblast                Erth           0%         2d4       63%         1
 Slow                     Hex            0%         N/A       63%         1
 Summon Small Mammal      Summ           0%         N/A       63%         1
 Call Imp                 Summ           0%         N/A       77%         2
 Passwall                 Tmut/Erth      0%         N/A       77%         2
 Call Canine Familiar     Summ           0%         N/A       94%         3
 Mephitic Cloud           Conj/Pois/Air  0%         N/A       94%         3
 Stone Arrow              Conj/Erth      0%         3d7       94%         3
 Summon Guardian Golem    Hex/Summ       0%         N/A       94%         3
 Tukima's Dance           Hex            0%         N/A       94%         3
 Passage of Golubria      Tloc           0%         N/A       100%        4
 Yara's Violent Unravell  Hex/Tmut       0%         3d3       100%        5


Dungeon Overview and Level Annotations

Branches:
Dungeon (9/15)             Temple (0/1) D:4         Ossuary (visited)
 Bailey (1/1)
   Lair: D:8-11         Orc: D:9-12

Altars:
Dithmenos
Fedhas
Gozag
Hepliaklqana
Makhleb
Wu Jian
Xom
Yredelemnul

Shops:
D:3 [


Innate Abilities, Weirdness & Mutations

((You are very nimble when in or above water. (Stealth+, EV+, Speed+++)))
Your lower body shifts to a powerful aquatic tail in water.


Message History

An orc warrior comes into view. It is wielding a +0 trident.
The orc knight barely misses your orange demon.
Your orange demon stings the orc warrior.
Your orange demon closely misses the orc warrior.
You feel very mighty all of a sudden. The orc closely misses you.
The orc warrior hits your orange demon but does no damage.
The orc knight hits your orange demon with a +0 glaive!!
Your orange demon dies!
Your orange demon disappears in a puff of smoke!
A demon appears!
The orc misses you. The orc hits you but does no damage.
Reach: P) +3 halberd (freeze)
Aim: an orc knight, wielding a +0 glaive and wearing a +0 scale mail (strong, about 36% to evade your +3 halberd of freezing)
Okay, then.
Aim: an orc knight, wielding a +0 halberd and wearing a +0 chain mail (strong, 71% to hit)
The bolt of acid hits the orc!!
The acid corrodes the orc!
You kill the orc!
Makhleb accepts your kill.
You feel better.
The bolt of acid hits the orc knight!!
The orc knight no longer looks unusually strong.
Your neqoxec hits the orc knight!
Aim: an orc knight, wielding a +0 halberd and wearing a +0 chain mail (heavily wounded, ally target, 71% to hit)
The bolt of acid hits the orc knight!
The bolt of acid hits the orc!
You kill the orc!
Makhleb accepts your kill.
You feel better.
The now-empty wand crumbles to dust.
The orc no longer looks unusually strong.
The orc knight hits you from afar with a +0 glaive!!
* * * LOW HITPOINT WARNING * * *
The orc knight roars a battlecry!
The orc goes into a battle-frenzy!
Your neqoxec closely misses the orc knight.
The orc knight hits your neqoxec with a +0 glaive!
Your neqoxec closely misses the orc warrior.
You feel much better.
The orc warrior hits you from afar with a +0 bardiche!!
* * * LOW HITPOINT WARNING * * *
The orc barely misses your neqoxec.
The orc knight hits you from afar with a +0 halberd!
* * * LOW HITPOINT WARNING * * *
The orc knight hits your neqoxec with a +0 glaive!!
Your neqoxec dies!
Your neqoxec disappears in a puff of smoke!
You fade into invisibility!
The orc warrior completely misses you.
The orc knight roars a battlecry!
The orc knight goes into a battle-frenzy!
The orc knight closely misses you.
The orc warrior hits you from afar with a +0 trident!
You die...

#..#8#..#
#..#)#..#
#.......#
#.......#
##.....##
##'''##
#.....#
#.....#
#.@...#
#.!...#
#ooo..#
##o'o##
#.))..#
#.......#
#..#.#..#
#.......#
#.......#


You could see 2 orc knights, 2 orc warriors and an orc (strong, can't see you).

Vanquished Creatures
  Erica (D:9)
  The ghost of Antichthon the Cleaver, a novice NaWr of Cheibriados (D:8)
  A shadow (D:9)
  6 yaks (D:9)
  An acid dragon (D:8)
  Menkaure (D:4)
  An ice beast (D:7)
  A black bear (D:7)
  5 orc warriors
  2 ogres
  2 centaurs
  A phantom (D:5)
  3 kobold brigands
  3 bullfrogs
  3 scorpions
  A water moccasin zombie (Ossuary)
  6 wights (D:8)
  6 killer bees (D:9)
  A howler monkey (D:8)
  Crazy Yiuf (D:6)
  2 orc priests
  A gnoll shaman (D:7)
  3 iguanas
  4 orc wizards (D:8)
  2 mummies (Ossuary)
  6 gnolls
  2 adders
  2 shadow imps
  2 white imps
  5 adder zombies (Ossuary)
  A worm (D:2)
  3 dart slugs
  35 orcs
  5 bats
  5 endoplasms
  3 giant cockroaches
  6 gnoll zombies (Ossuary)
  6 goblins
  3 hobgoblins
  2 jackals (D:2)
  2 quokkas
  5 ball pythons
  A frilled lizard (D:3)
  7 hobgoblin zombies (Ossuary)
  13 kobolds
  6 kobold zombies (Ossuary)
  2 orc zombies (Ossuary)
  2 rats (D:2)
  A bush (D:1)
184 creatures vanquished.

Vanquished Creatures (collateral kills)
  An orc knight (Bailey)
  A hornet zombie (D:7)
  An ogre (D:7)
  A gnoll sergeant (D:4)
  A wight (D:7)
  A centaur zombie (D:7)
  A hound (D:7)
  A jelly (D:7)
  2 orc wizards
  5 gnolls
  8 orcs
  5 kobolds (D:7)
28 creatures vanquished.

Vanquished Creatures (others)
  A plant (D:1)
1 creature vanquished.

Grand Total: 213 creatures vanquished

Notes
Turn   | Place    | Note
-------+----------+-------------------------------------------
     0 | D:1      | OrangeBlue the Merfolk Gladiator began the quest for the
                  | Orb.
     0 | D:1      | Reached XP level 1. HP: 16/16 MP: 1/1
   280 | D:1      | Found a faded altar of an unknown god.
   288 | D:1      | Got Plato's Almanac of Beguiling
   367 | D:1      | Reached XP level 2. HP: 22/22 MP: 2/2
   403 | D:1      | Prayed at the altar of an unknown god.
   403 | D:1      | Became a worshipper of Makhleb the Destroyer
   403 | D:1      | Reached * piety under Makhleb
   808 | D:2      | Reached skill level 5 in Polearms
   824 | D:2      | Reached skill level 1 in Invocations
   920 | D:2      | Reached XP level 3. HP: 27/27 MP: 3/3
   935 | D:2      | Found an ornate altar of the Wu Jian Council.
  1243 | D:2      | Reached ** piety under Makhleb
  1358 | D:3      | Found Laul's Armour Shop.
  1400 | D:3      | Found a faded altar of an unknown god.
  1404 | D:3      | Found a blossoming altar of Fedhas.
  1496 | D:3      | Found a shadowy altar of Dithmenos.
  1635 | D:3      | Reached XP level 4. HP: 32/33 MP: 5/5
  1716 | D:3      | Found a hazy altar of Hepliaklqana.
  1717 | D:3      | Found a shimmering altar of Xom.
  1718 | D:3      | Noticed a spectral ugly thing
  1918 | D:4      | Noticed Menkaure
  1929 | D:4      | Killed Menkaure
  1930 | D:4      | Reached skill level 6 in Polearms
  1930 | D:4      | Reached XP level 5. HP: 32/38 MP: 5/8
  2165 | D:4      | Found a sand-covered staircase.
  2242 | Ossuary  | Entered an ossuary
  2418 | Ossuary  | Reached skill level 5 in Invocations
  2418 | Ossuary  | Reached XP level 6. HP: 45/45 MP: 9/9
  2456 | Ossuary  | Reached *** piety under Makhleb
  3055 | D:4      | Found a staircase to the Ecumenical Temple.
  3321 | D:5      | Entered Level 5 of the Dungeon
  3479 | D:5      | Reached skill level 7 in Polearms
  3479 | D:5      | Reached XP level 7. HP: 29/53 MP: 10/10
  3850 | D:5      | Reached skill level 1 in Evocations
  4232 | D:6      | Reached skill level 8 in Polearms
  4242 | D:6      | Reached skill level 5 in Fighting
  4435 | D:6      | Reached XP level 8. HP: 62/62 MP: 11/11
  4569 | D:6      | Found an opulent altar of Gozag.
  4648 | D:6      | Found a runed translucent door.
  4649 | D:6      | Noticed Crazy Yiuf
  4715 | D:6      | You fall into a shaft and drop 1 floor!
  5256 | D:6      | Killed Crazy Yiuf
  5406 | D:7      | Reached skill level 5 in Evocations
  5528 | D:7      | Found a basalt altar of Yredelemnul.
  5857 | D:7      | Reached skill level 9 in Polearms
  5857 | D:7      | Reached XP level 9. HP: 32/69 MP: 5/13
  7109 | D:8      | Found a runed translucent gate.
  7109 | D:8      | Found an opulent altar of Gozag.
  7110 | D:8      | Found a runed translucent gate.
  7110 | D:8      | Found a runed translucent gate.
  7115 | D:8      | Noticed Antichthon's ghost (novice NaWr)
  7133 | D:8      | Reached **** piety under Makhleb
  7371 | D:8      | Identified the +2 quarterstaff "Geeng" {vamp, rElec}
  7447 | D:8      | Reached skill level 10 in Polearms
  7991 | D:8      | Killed Antichthon's ghost
  7992 | D:8      | Reached skill level 11 in Polearms
  7992 | D:8      | Reached XP level 10. HP: 65/80 MP: 11/16
  8167 | D:9      | Reached skill level 12 in Polearms
  8461 | D:9      | Reached skill level 13 in Polearms
  8572 | D:9      | Noticed Erica
  8579 | D:9      | Killed Erica
  8718 | D:9      | Reached skill level 14 in Polearms
  8805 | D:9      | Found a flagged portal.
  8876 | Bailey   | Entered a bailey
  9011 | Bailey   | Noticed an orc knight
  9015 | Bailey   | Noticed an orc knight
  9017 | Bailey   | Noticed an orc knight
  9022 | Bailey   | Killed an orc knight
  9023 | Bailey   | Reached skill level 15 in Polearms
  9030 | Bailey   | Slain by an orc warrior

Illustrated notes

Levels and vault maps discovered:
D:1:      roderic_crossed_star, layout_rooms,
          shapermc_ecumenical_altar_rom_forum, serial_forest,
          infiniplex_forest_end_1, infiniplex_forest_straight_2,
          infiniplex_forest_end_2, infiniplex_forest_lined_2,
          infiniplex_forest_end_2, infiniplex_forest_lined_room_,
          corexii_hall_statues_t
D:2:      layout_basic, basic_altar, guppyfry_early_lair_pool
D:3:      layout_rooms, regret_index_temple_of_mockery,
          nicolae_dithmenos_through_a_glass_darkly,
          nicolae_overflow_ecumenical_swirl, serial_shops,
          nicolae_shop_advertising_works [nicolae_subvault_shop_adworks],
          dk_noncrumbling_2, chequers_serial_rivers_room_a
D:4:      layout_loops_ring, temple_hall, enter_ossuary_5,
          kennysheep_generic_room_13, uniq_menkaure
D:5:      layout_loops_ring
D:6:      layout_gridville, nicolae_gozag_seed_capital, uniq_crazy_yiuf_cottage
D:7:      layout_loops_corners, lemuel_zombie_altar_yredelemnul,
          minmay_diced_spiral
D:8:      layout_loops_corners, ebering_ghost_gozag
D:9:      layout_loops_corners, enter_bailey_8, uniq_erica
Bailey:   bailey_polearm_5, bailey

Skill      XL: |  1  2  3  4  5  6  7  8  9 10 |
---------------+-------------------------------+-----
Polearms       | 5 6 7 8 9 11 15 | 15.0
Invocations    | 1 2 4 5 6 8 |  8.0
Fighting       | 3 5 6 8 |  8.0
Evocations     | 2 5 |  5.0
Throwing       | |  2.0
Dodging        | |  4.0

Action                   |  1- 3 |  4- 6 |  7- 9 | 10-12 || total
-------------------------+-------+-------+-------+-------++-------
Melee: Trident           |   190 |   228 |   327 |       ||   745
       Punch             |     6 |     4 |     5 |       ||    15
       Halberd           |       |       |    25 |    90 ||   115
Invok: Lesser Servant of |       |     1 |     7 |     4 ||    12
Evoke: Wand              |       |       |     1 |     4 ||     5
  Use: Scroll            |       |     8 |     1 |       ||     9
       Potion            |       |       |     3 |     6 ||     9
 Stab: Sleeping          |     1 |       |       |       ||     1
       Distracted        |       |       |       |     2 ||     2
Armor: Leather armour    |     5 |       |       |       ||     5
       Ring mail         |    21 |    47 |   119 |    23 ||   210
Dodge: Dodged            |    50 |    81 |   121 |    32 ||   284

Table legend: (Time is in decaauts)
 A = Elapsed time spent in this place.
 B = Non-inter-level travel time spent in this place.
 C = Inter-level travel time spent in this place.
 D = Time resting spent in this place.
 E = Time spent auto-exploring this place.
 F = Levels seen in this place.
 G = Mean time per level.
                   A        B        C        D        E       F      G
               +--------+--------+--------+--------+--------+-----+--------+
         Total |   8970 |   8634 |    336 |    971 |   5869 |  11 |  815.5 |
       Dungeon |   8527 |   8191 |    336 |    888 |   5759 |   9 |  947.4 |
       Ossuary |    297 |    297 |      0 |     58 |     97 |   1 |  297.0 |
        Bailey |    145 |    145 |      0 |     24 |     13 |   1 |  145.0 |
               +--------+--------+--------+--------+--------+-----+--------+

Top non-repeatable levels by time:
     D:7: 1651 daAuts
     D:8: 1196 daAuts
     D:4: 1138 daAuts
     D:6: 1094 daAuts
     D:1: 803 daAuts
     D:5: 799 daAuts
     D:9: 758 daAuts
     D:3: 618 daAuts
     D:2: 466 daAuts
 Ossuary: 297 daAuts
  Bailey: 145 daAuts
